AoeStats
← Dibujanding

Migration

508788391Analyzed
1v1 RM · 7d ago on Sep 24, 2026· 22m 10s· 2 players
Game mode
Random Map
Map size
132×132
Population
200
Speed
Normal
Resources
Standard
Victory
Conquest
Starting age
Dark Age
Ending age
Imperial Age
RankedLock teamsTeams togetherTeam positionsShared explorationLock speedFull tech treeHidden civsTurbo modeCheats
Victory
Defeat
🇨🇱 Malay · Chile
1090
+15
🇲🇽 Vikings · Mexico
1068
-15
Dibujanding
12:16 Feudal Age
13:12 Double-Bit Axe
17:25 Castle Age
16:08 Stone Mining
16:23 Scale Mail Armor
18:20 Bow Saw
18:04 Gold Mining
17:56 Horse Collar
19:24 Gold Shaft Mining
20:59 Medium Warships
21:14 Loom
22:56 Chain Mail Armor
Miq
2:44 Loom
11:08 Feudal Age
10:48 Double-Bit Axe
13:16 Fishing Lines
17:31 Castle Age
15:57 Fletching
17:31 Medium Warships
17:39 Bow Saw
18:43 Gillnets
19:14 Gold Mining
19:39 Town Watch
20:19 Forging
22:24 Careening
Connection lost

Rejoining the realm…

Still unreachable

The connection could not be restored.

Session expired

The server has moved on; the page needs a fresh start.